 Dungeon Crawl Stone Soup version 0.30-a0-170-g85af917532 (webtiles) character file.

Game seed: 16603309258366764892

8911 IdlyInterested the Basher (level 11, 0/86 HPs)
             Began as a Demonspawn Gladiator on Sept 30, 2022.
             Was a Priest of Makhleb.
             Slain by a queen bee (shapeshifter) (2 damage)
             ... on level 10 of the Dungeon.
             The game lasted 00:31:37 (10434 turns).

IdlyInterested the Basher (Demonspawn Gladiator)   Turns: 10434, Time: 00:31:38

Health: 0/86       AC: 19    Str: 17    XL:     11   Next: 16%
Magic:  14/14      EV: 12    Int:  9    God:    Makhleb [***...]
Gold:   462        SH:  0    Dex: 17    Spells: 10/10 levels left

rFire   . . .      SeeInvis +    I - +0 dire flail
rCold   + . .      Faith    .    (shield currently unavailable)
rNeg    . . .      Spirit   .    a - +0 swamp dragon scales
rPois   +          Reflect  .    c - +0 helmet
rElec   .          Harm     .    e - +0 cloak
rCorr   .          Rampage  .    E - +0 pair of gloves
Will    .....                    (no boots)
Stlth   ..........               (no amulet)
HPRegen 0.24/turn                F - ring of see invisible
MPRegen 0.14/turn                y - ring of protection from cold

@: confused, ambrosia-drunk, sanguine armoured, on berserk cooldown, slowed,
very slow
A: hooves 1, powered by death 2, spiny 1, sanguine armour 1
a: Renounce Religion, Minor Destruction, Lesser Servant of Makhleb


You were on level 10 of the Dungeon.
You worshipped Makhleb.
Makhleb was most pleased with you.
You visited 2 branches of the dungeon, and saw 11 of its levels.

You collected 462 gold pieces.

Inventory:

Hand Weapons
 b - a +0 morningstar
 j - a +2 vorpal flail
 n - the +9 hand axe of the Horn {venom, *Rage Dex+4}
   (You found it on level 8 of the Dungeon)

   It poisons the flesh of those it strikes.
   Dex:       It affects your dexterity (+4).
   *Rage:     It berserks you when you make melee attacks (+20% chance).
 x - a +2 flail of protection
 I - a +0 dire flail (weapon)
Missiles
 d - 4 throwing nets
 m - 18 poisoned darts (quivered)
 u - 5 javelins
Armour
 a - +0 swamp dragon scales (worn)
 c - a +0 helmet (worn)
 e - a +0 cloak (worn)
 w - a +2 leather armour of cold resistance
 z - +0 steam dragon scales
 C - a +0 kite shield
 E - a +0 pair of gloves (worn)
Magical Staves
 f - a staff of fire
Jewellery
 p - a ring of wizardry
 t - an amulet of faith
 y - a ring of protection from cold (right hand)
 F - a ring of see invisible (left hand)
Wands
 D - a wand of iceblast (8)
 H - a wand of polymorph (5)
Scrolls
 g - 2 scrolls of blinking
 i - 2 scrolls of fear
 l - 2 scrolls of amnesia
 q - 5 scrolls of teleportation
 G - a scroll of magic mapping
Potions
 h - a potion of lignification
 k - a potion of haste
 o - a potion of mutation
 r - a potion of magic
 s - a potion of cancellation
 v - 2 potions of brilliance
 J - a potion of invisibility


   Skills:
 - Level 8.0 Fighting
 - Level 3.4 Long Blades
 + Level 10.4 Maces & Flails
 - Level 2.0 Throwing
 - Level 8.0 Armour
 - Level 3.0 Dodging
 - Level 2.0 Stealth
 - Level 2.0 Shields
 * Level 5.0 Invocations
 - Level 2.0 Evocations


You had 10 spell levels left.
You didn't know any spells.
Your spell library contained the following spells:

 Spells                   Type           Power      Damage    Failure   Level
 Hailstorm                Conj/Ice       0%         3d3       90%         3
 Ice Form                 Ice/Tmut       0%         N/A       100%        4
 Simulacrum               Ice/Necr       0%         N/A       100%        6


Dungeon Overview and Level Annotations

Branches:
Dungeon (10/15)            Temple (1/1) D:4            Lair (0/5) D:8
    Orc: D:9-12

Altars:
Ashenzari
Cheibriados
Dithmenos
Fedhas
Gozag
Hepliaklqana
Kikubaaqudgha
Makhleb
Nemelex Xobeh
Okawaru
Qazlal
Ru
Sif Muna
Trog
Uskayaw
Vehumet
Wu Jian
Xom
Yredelemnul

Shops:
D:1 (   D:5 *


Innate Abilities, Weirdness & Mutations

You have large cloven feet.
You regenerate health from kills.
You are partially covered in sharp spines.
When seriously injured, your blood forms armour. (AC +6)


Message History

The gnoll sergeant hits you but does no damage.
The queen bee stings you!
* * * LOW HITPOINT WARNING * * *
You're too confused to move!
The gargoyle hits you but does no damage.
The queen bee stings you but does no damage.
The gnoll sergeant hits you but does no damage.
Unknown command.
The gnoll sergeant attacks as you move away!
The gnoll sergeant hits you with a +0 spear.
* * * LOW HITPOINT WARNING * * *
The gargoyle hits you with a +0 flail.
* * * LOW HITPOINT WARNING * * *
The queen bee stings you.
* * * LOW HITPOINT WARNING * * *
The gnoll sergeant misses you. The queen bee is struck by your spines.
The queen bee stings you but does no damage.
The gargoyle is struck by your spines. The gargoyle barely misses you.
The gnoll sergeant hits you but does no damage.
Unknown command.
The gargoyle hits you with a +0 flail.
* * * LOW HITPOINT WARNING * * *
The queen bee stings you but does no damage.
The gnoll sergeant barely misses you.
Things that are here:
a +0 scimitar; a +0 scale mail Unknown command.
You bump into the rock wall.
The gargoyle is struck by your spines. The gargoyle barely misses you.
The queen bee stings you.
* * * LOW HITPOINT WARNING * * *
The gnoll sergeant is struck by your spines.
The gnoll sergeant hits you with a +0 spear.
* * * LOW HITPOINT WARNING * * *
The gargoyle hurls a stone arrow at you.
The stone arrow misses you.
The stone arrow hits the gnoll sergeant!!
The gnoll sergeant dies!
The queen bee closely misses you. The queen bee attacks as you move away!
The queen bee stings you.
You die...

#.........#
#########.........#######
.........................
#.......................
#.......................
#...........####..####.
##...........####Y.###
#..........####.9cT..#
##..........# #@yDD..#
..........####.)♣♣KK....#
....†.....# #.. ♣Y.....#
..........# ....
..}..♣♣)[
..........##.... .[...♣
!/ ..........##....
.##.... ..###+###.##....
..... .. #.##!?♣♣ ..... .
#.#


You could see a centaur warrior, a yak, a queen bee, a troll, a steam dragon
shaped shifter, an acid dragon, a gargoyle and 2 kobold brigands.

Vanquished Creatures
  A skeletal warrior (D:10)
  A cyclops (D:7)
  Joseph (D:7)
  Maggie (D:7)
  2 hornets
  16 yaks
  4 wyverns
  2 steam dragons (D:7)
  Edmund (D:6)
  2 water moccasins
  An orc warrior (D:9)
  An ice beast (D:5)
  A sky beast (D:7)
  5 black bears
  2 ogres
  A centaur (D:9)
  A kobold brigand (D:10)
  A phantom (D:5)
  3 gnoll sergeants
  3 bullfrogs
  A necrophage (D:6)
  3 scorpions
  21 killer bees
  A howler monkey (D:8)
  A jelly (D:6)
  3 hounds
  2 orc priests
  2 gnoll boudas
  4 iguanas
  3 orc wizards
  21 gnolls
  6 adders
  3 white imps
  3 worms
  3 dart slugs
  10 orcs
  6 ball pythons
  3 endoplasms
  3 giant cockroaches
  7 goblins
  5 hobgoblins
  2 jackals (D:2)
  2 quokkas (D:2)
  2 bats (D:1)
  4 frilled lizards
  3 kobolds
  5 rats
179 creatures vanquished.

Vanquished Creatures (collateral kills)
  3 howler monkeys (D:10)
3 creatures vanquished.

Vanquished Creatures (others)
  A gnoll sergeant (D:10)
1 creature vanquished.

Grand Total: 183 creatures vanquished

Notes
Turn   | Place    | Note
-------+----------+-------------------------------------------
     0 | D:1      | IdlyInterested the Demonspawn Gladiator began the quest for
                  | the Orb.
     0 | D:1      | Reached XP level 1. HP: 16/16 MP: 1/1
   316 | D:1      | Found Ezeinoem's Weapon Boutique.
   368 | D:1      | Gained mutation: You are partially covered in sharp spines.
                  | [demonic ancestry]
   368 | D:1      | Reached XP level 2. HP: 22/23 MP: 2/2
   607 | D:1      | Found a faded altar of an unknown god.
  1063 | D:2      | Gained mutation: You regenerate a little health from kills.
                  | [demonic ancestry]
  1063 | D:2      | Reached XP level 3. HP: 29/29 MP: 3/3
  1955 | D:3      | Gained mutation: When seriously injured, your blood forms
                  | armour. (AC +6) [demonic ancestry]
  1955 | D:3      | Reached XP level 4. HP: 21/37 MP: 4/4
  2266 | D:3      | Reached skill level 1 in Armour
  2405 | D:3      | Reached XP level 5. HP: 42/42 MP: 5/5
  2820 | D:3      | Found an iron altar of Okawaru.
  2869 | D:4      | Reached skill level 1 in Maces & Flails
  2887 | D:4      | Noticed a water moccasin
  2902 | D:4      | Killed a water moccasin
  2903 | D:4      | Reached XP level 6. HP: 14/48 MP: 6/6
  3230 | D:4      | Reached skill level 2 in Maces & Flails
  3552 | D:4      | Found a staircase to the Ecumenical Temple.
  3570 | Temple   | Entered the Ecumenical Temple
  3907 | Temple   | Became a worshipper of Makhleb the Destroyer
  4001 | D:5      | Entered Level 5 of the Dungeon
  4209 | D:5      | Reached skill level 3 in Maces & Flails
  4209 | D:5      | Gained mutation: You regenerate health from kills. [demonic
                  | ancestry]
  4209 | D:5      | Reached XP level 7. HP: 48/54 MP: 7/7
  4212 | D:5      | Reached skill level 1 in Invocations
  4393 | D:5      | Reached skill level 4 in Maces & Flails
  4396 | D:5      | Found Kiun's General Store.
  4454 | D:5      | Reached skill level 1 in Evocations
  4739 | D:5      | Gained mutation: You have large cloven feet. [demonic
                  | ancestry]
  4739 | D:5      | Reached XP level 8. HP: 36/60 MP: 11/11
  5028 | D:6      | Reached skill level 5 in Maces & Flails
  5199 | D:6      | Found a broken altar of Ashenzari.
  5227 | D:6      | Reached * piety under Makhleb
  5228 | D:6      | Reached skill level 6 in Maces & Flails
  5673 | D:6      | Noticed Edmund
  5698 | D:6      | Killed Edmund
  5699 | D:6      | Reached skill level 7 in Maces & Flails
  5699 | D:6      | Reached skill level 1 in Stealth
  5925 | D:6      | Noticed a hornet
  5936 | D:6      | Killed a hornet
  6566 | D:7      | Reached XP level 9. HP: 65/66 MP: 12/12
  6642 | D:7      | Reached skill level 5 in Fighting
  6685 | D:7      | Noticed Maggie
  6719 | D:7      | Killed Maggie
  6720 | D:7      | Reached skill level 8 in Maces & Flails
  7466 | D:7      | Noticed Joseph
  7475 | D:7      | Killed Joseph
  7818 | D:7      | Noticed a cyclops
  7825 | D:7      | Killed a cyclops
  7825 | D:7      | Reached ** piety under Makhleb
  7826 | D:7      | Reached XP level 10. HP: 42/80 MP: 13/13
  8236 | D:8      | Reached skill level 9 in Maces & Flails
  8273 | D:8      | Reached skill level 5 in Armour
  8419 | D:8      | Found a staircase to the Lair.
  8448 | D:8      | Identified the +9 hand axe of the Horn {venom, *Rage Dex+4}
  9223 | D:9      | Reached skill level 10 in Maces & Flails
  9990 | D:9      | Reached *** piety under Makhleb
  9991 | D:9      | Reached XP level 11. HP: 77/86 MP: 14/14
 10139 | D:10     | Entered Level 10 of the Dungeon
 10401 | D:10     | Noticed a skeletal warrior
 10403 | D:10     | Noticed a centaur warrior
 10427 | D:10     | Killed a skeletal warrior
 10428 | D:10     | Reached skill level 5 in Invocations
 10431 | D:10     | HP: 2/86 [queen bee (shapeshifter) (6)]
 10434 | D:10     | Slain by a queen bee (shapeshifter)

Illustrated notes

Levels and vault maps discovered:
D:1:      elethiomel_arrival_quiet, layout_basic, serial_shops,
          nicolae_shop_bloodbath_and_beyond, dilly_ecumenical_altar_fadedgnrine
D:2:      layout_basic, chequers_arboretum
D:3:      layout_loops_ring, kennysheep_okawaru_gauntlet
D:4:      layout_rooms, minmay_temple_entry_statues_fountains, minivault_23,
          nicolae_concentric_dashed_squares_wild, wad_floor_pattern_1
D:5:      layout_loops_ring, serial_shops, kennysheep_mini
D:6:      minmay_general_purpose_star, layout_loops_ring,
          ashenzari_conservatory_becter, uniq_edmund
D:7:      layout_loops_ring, mainiacjoe_overflow_small_starburst, uniq_maggie,
          uniq_joseph
D:8:      layout_rooms, lair_entry_dummy, kennysheep_generic_room_12
D:9:      layout_basic, nicolae_underground_beach
D:10:     minmay_bloctagon, layout_irregular_city,
          hellmonk_ghost_happy_afterlife
Temple:   compressed_dpeg_triangle_lava_temple

Skill      XL: |  1  2  3  4  5  6  7  8  9 10 11 |
---------------+----------------------------------+-----
Long Blades    | 3 |  3.4
Fighting       | 3 4 7 8 |  8.0
Dodging        | 3 |  3.0
Armour         | 1 3 4 7 8 |  8.0
Maces & Flails | 1 3 4 7 8 10 | 10.4
Invocations    | 4 5 |  5.0
Evocations     | 2 |  2.0
Throwing       | 2 |  2.0
Stealth        | 2 |  2.0
Shields        | 2 |  2.0

Action                   |  1- 3 |  4- 6 |  7- 9 | 10-12 || total
-------------------------+-------+-------+-------+-------++-------
Melee: Long sword        |    89 |    24 |       |       ||   113
       Flail             |       |    39 |   290 |   180 ||   509
       Halberd           |       |     4 |       |       ||     4
       Punch             |       |       |     6 |       ||     6
       Kick              |       |       |    92 |    89 ||   181
       Dire flail        |       |       |       |    42 ||    42
Throw: Javelin           |     1 |       |       |     1 ||     2
       Dart              |       |       |     5 |     1 ||     6
       Throwing net      |       |       |     2 |       ||     2
Invok: Lesser Servant of |       |       |       |     1 ||     1
  Use: Scroll            |     7 |     3 |     7 |     5 ||    22
       Potion            |     2 |       |     4 |     2 ||     8
 Stab: Held in net/web   |       |       |     1 |       ||     1
Armor: Leather armour    |    15 |       |       |       ||    15
       Ring mail         |    15 |    53 |    91 |       ||   159
       Swamp dragon scal |       |       |    17 |   102 ||   119
Dodge: Dodged            |    53 |    56 |   154 |   132 ||   395
Block: Kite shield       |       |       |    27 |    77 ||   104

Table legend: (Time is in decaauts)
 A = Elapsed time spent in this place.
 B = Non-inter-level travel time spent in this place.
 C = Inter-level travel time spent in this place.
 D = Time resting spent in this place.
 E = Time spent auto-exploring this place.
 F = Levels seen in this place.
 G = Mean time per level.
                   A        B        C        D        E       F      G
               +--------+--------+--------+--------+--------+-----+--------+
         Total |  10518 |   9289 |   1229 |   1336 |   5757 |  11 |  956.2 |
       Dungeon |  10172 |   8952 |   1220 |   1336 |   5456 |  10 | 1017.2 |
        Temple |    346 |    337 |      9 |      0 |    301 |   1 |  346.0 |
               +--------+--------+--------+--------+--------+-----+--------+

Top non-repeatable levels by time:
     D:7: 1690 daAuts
     D:6: 1509 daAuts
     D:3: 1366 daAuts
     D:9: 1356 daAuts
     D:5: 1008 daAuts
     D:2: 947 daAuts
     D:1: 809 daAuts
     D:8: 751 daAuts
     D:4: 657 daAuts
  Temple: 346 daAuts
    D:10: 73 daAuts
